 Dungeon Crawl Stone Soup version 0.27-a0-1147-gb3d8e82157 (webtiles) character file.

Game seed: 8748726241550976783

257856 freelancePsychic the Earth Mage (level 19, -4/128 HPs)
             Began as a Gargoyle Earth Elementalist on May 11, 2021.
             Was the Champion of Vehumet.
             Slain by an ettin
             ... wielding a +0 vorpal great mace
              (12 damage)
             ... on level 1 of the Depths.
             The game lasted 03:29:35 (50441 turns).

freelancePsychic the Earth Mage (GrEE)             Turns: 50441, Time: 03:29:36

Health: -4/128     AC: 30    Str: 23    XL:     19   Next: 85%
Magic:  0/31       EV: 11    Int: 28    God:    Vehumet [******]
Gold:   2513       SH: 13    Dex:  2    Spells: 4/34 levels left

rFire    + + .     SeeInvis +   a - +10 demon whip of Impeachment {vamp, Will+ Str+7}
rCold    + + .     Faith    .   M - +0 kite shield
rNeg     + + .     Spirit   +   m - +2 ring mail {rC+}
rPois    ∞         Reflect  .   g - +0 hat of Sophism {+Blink rF++ rCorr Dex-3}
rElec    +         Harm     .   U - +0 cloak
rCorr    +         Rampage  .   s - +1 pair of gloves {archery}
Will     +++..     Rnd*Rage +   r - +1 pair of boots {Stlth+}
Stlth    ++........             D - amulet "Jytemm" {Spirit rC+ rN+ Will+}
HPRegen  0.31/turn              O - +4 ring of slaying
MPRegen  0.22/turn              N - ring of Ylixtani {rCorr Str+4 Int+4 Dex-5 SInv}

@: flying
A: sickness immunity, AC +14, big wings, negative energy resistance 1,
electricity resistance, torment resistance 1, petrification resistance, berserk
1
}: 2/15 runes: decaying, gossamer
a: Renounce Religion, Evoke Blink


You were on level 1 of the Depths.
You worshipped Vehumet.
Vehumet was exalted by your worship.
You visited 7 branches of the dungeon, and saw 35 of its levels.
You also visited: Sewer, Gauntlet, Ice Cave and Volcano.

You collected 3263 gold pieces.
You spent 750 gold pieces at shops.

Inventory:

Hand Weapons
 a - the +10 demon whip of Impeachment (weapon) {vamp, Will+ Str+7}
   (You found it on level 6 of the Lair of Beasts)

   It inflicts no extra harm, but heals its wielder when it wounds a living foe.
   It affects your strength (+7).
   It increases your willpower.
 b - a +2 demon whip of venom
Missiles
 e - 164 stones
 y - 4 throwing nets
 L - 2 atropa-tipped darts
 Z - a curare-tipped dart
Armour
 c - the +2 hat of the Bear Spirit {Spirit, +Rage rN+ Will++}
   (You found it in an ice cave)

   It protects you from negative energy.
   It lets you go berserk.
   It greatly increases your willpower.
 g - the +0 hat of Sophism (worn) {+Blink rF++ rCorr Dex-3}
   (You found it in a Gauntlet)

   It affects your dexterity (-3).
   It greatly protects you from fire.
   It lets you blink.
   It protects you from acid and corrosion.
 m - a +2 ring mail of cold resistance (worn)
 r - a +1 pair of boots of stealth (worn)
 s - a +1 pair of gloves of archery (worn)
 J - +0 fire dragon scales
 M - a +0 kite shield (worn)
 U - a +0 cloak (worn)
Magical Staves
 H - a staff of earth
Jewellery
 t - the ring of Bivusa {rElec rPois Will+}
   (You found it on level 2 of the Lair of Beasts)

   [ring of poison resistance]

   It insulates you from electricity.
   It protects you from poison.
   It increases your willpower.
 u - an amulet of magic regeneration
 v - a ring of willpower
 w - a ring of protection from fire
 z - a ring of see invisible
 D - the amulet "Jytemm" (around neck) {Spirit rC+ rN+ Will+}
   (You found it in a Gauntlet)

   [amulet of guardian spirit]

   It causes incoming damage to be divided between your reserves of health and
   magic.
   It protects you from cold.
   It protects you from negative energy.
   It increases your willpower.
 N - the ring of Ylixtani (right hand) {rCorr Str+4 Int+4 Dex-5 SInv}
   (You found it on level 4 of the Lair of Beasts)

   [ring of see invisible]

   It affects your strength (+4).
   It affects your intelligence (+4).
   It affects your dexterity (-5).
   It lets you see invisible.
   It protects you from acid and corrosion.
 O - a +4 ring of slaying (left hand)
 T - a ring of ice
 W - a +6 ring of dexterity
 Y - a ring of wizardry
Wands
 k - a wand of digging (8)
 C - a wand of mindburst (9)
 X - a wand of acid (36)
Scrolls
 d - 3 scrolls of magic mapping
 f - a scroll of fear
 i - 9 scrolls of teleportation {@r4}
 n - 20 scrolls of identify {@r1}
 p - 5 scrolls of fog
 F - 7 scrolls of vulnerability
 P - 2 scrolls of enchant armour
 Q - a scroll of holy word
 S - 5 scrolls of amnesia
Potions
 h - 10 potions of flight
 j - 3 potions of magic
 l - 7 potions of attraction
 o - 5 potions of brilliance
 x - 2 potions of resistance
 A - 4 potions of ambrosia
 B - 2 potions of berserk rage
 E - 10 potions of curing {@q1}
 I - 3 potions of might
 K - a potion of haste {@q3}
 R - a potion of invisibility
 V - 2 potions of cancellation


   Skills:
 - Level 17.0 Fighting
 - Level 12.0 Maces & Flails
 - Level 11.0 Armour
 + Level 5.5 Dodging
 - Level 2.1 Stealth
 - Level 15.0 Shields
 + Level 8.4 Spellcasting
 - Level 15.0 Conjurations
 - Level 1.0 Transmutations
 + Level 18.1 Earth Magic
 - Level 4.0 Evocations


You had 4 spell levels left.
You knew the following spells:

 Your Spells              Type           Power      Damage    Failure   Level
a - Fireball              Conj/Fire      26%        3d12      2%          5
b - Stone Arrow           Conj/Erth      100%       3d13      0%          3
c - Shatter               Erth           42%        3d33*     65%         9
d - Iron Shot             Conj/Erth      40%        9d8       1%          6
e - Orb of Destruction    Conj           38%        9d13      3%          7

Your spell library contained the following spells:

 Spells                   Type           Power      Damage    Failure   Level
 Conjure Ball Lightning   Conj/Air       26%        3x3d7     13%         6
 Magic Dart               Conj           100%       1d8       0%          1
 Sandblast                Erth           100%       2d20      0%          1
 Searing Ray              Conj           100%       3d7       0%          2
 Foxfire                  Conj/Fire      100%       2x1d9     1%          1
 Freeze                   Ice            44%        1d6       1%          1
 Shock                    Conj/Air       100%       1d9       1%          1
 Passwall                 Tmut/Erth      50%        N/A       1%          2
 Static Discharge         Conj/Air       52%        N/A       1%          2
 Dazzling Flash           Conj/Hex       100%       N/A       1%          3
 Animate Armour           Summ/Erth      100%       N/A       1%          4
 Fulminant Prism          Conj/Hex       26%        3d14      1%          4
 Hailstorm                Conj/Ice       52%        3d12      1%          4
 Iskenderun's Mystic Bla  Conj/Tloc      52%        2d11      1%          4
 Leda's Liquefaction      Hex/Erth       29%        N/A       1%          4
 Petrify                  Tmut/Erth      60%        N/A       1%          4
 Beastly Appendage        Tmut           34%        N/A       4%          1
 Ignite Poison            Fire/Tmut/Pois 13%        N/A       4%          3
 Frozen Ramparts          Ice            22%        1d4       5%          3
 Wereblood                Tmut           17%        N/A       6%          2
 Animate Skeleton         Necr           22%        N/A       7%          1
 Apportation              Tloc           22%        N/A       7%          1
 Corona                   Hex            12%        N/A       7%          1
 Summon Small Mammal      Summ           44%        N/A       7%          1
 Call Imp                 Summ           11%        N/A       10%         2
 Ensorcelled Hibernation  Hex/Ice        22%        N/A       10%         2
 Spider Form              Tmut/Pois      7%         N/A       16%         3
 Airstrike                Air            5%         N/A       17%         4
 Call Canine Familiar     Summ           11%        N/A       21%         3
 Confusing Touch          Hex            11%        N/A       21%         3
 Ozocubu's Armour         Ice            11%        N/A       21%         3
 Summon Guardian Golem    Hex/Summ       11%        N/A       21%         3
 Swiftness                Air            11%        N/A       21%         3
 Tukima's Dance           Hex            11%        N/A       21%         3
 Ice Form                 Ice/Tmut       14%        N/A       47%         4
 Animate Dead             Necr           5%         N/A       54%         4
 Summon Ice Beast         Ice/Summ       11%        N/A       54%         4
 Summon Lightning Spire   Summ/Air       11%        N/A       54%         4
 Bolt of Magma            Conj/Fire/Erth 32%        4d14      1%          5
 Irradiate                Conj/Tmut      27%        3d23      1%          5
 Iskenderun's Battlesphe  Conj           77%        2d13      1%          5
 Lee's Rapid Deconstruct  Erth           42%        3d22*     1%          5
 Lightning Bolt           Conj/Air       26%        1d42      2%          5
 Borgnjor's Vile Clutch   Necr/Erth      29%        N/A       4%          5
 Spellforged Servitor     Conj/Summ      26%        N/A       52%         7
 Hydra Form               Tmut           8%         N/A       75%         5
 Alistair's Intoxication  Tmut/Pois      9%         N/A       83%         5
 Eringya's Noxious Bog    Tmut/Pois      7%         N/A       87%         6
 Metabolic Englaciation   Hex/Ice        5%         N/A       88%         5
 Death Channel            Necr           5%         N/A       100%        6
 Simulacrum               Ice/Necr       5%         N/A       100%        6
 Sublimation of Blood     Necr           Unusable   N/A       N/A         2
 Statue Form              Tmut/Erth      Unusable   N/A       N/A         6

Dungeon Overview and Level Annotations

Branches:
Dungeon (15/15) Temple (0/1) D:7 Lair (6/6) D:10 Swamp (4/4) Lair:2 Spider (4/4) Lair:3 Slime (0/5) Lair:6 Orc (2/2) D:12 Elf (2/3) Orc:2 Vaults (0/5) D:14 D:15 Depths (2/5) D:15 Sewer (visited) IceCv (visited) Volcano (visited) Gauntlet (visited)

Altars:
Ashenzari
Dithmenos
Fedhas
Gozag
Hepliaklqana
Kikubaaqudgha
Makhleb
Ru
Sif Muna
Uskayaw
Vehumet
Wu Jian
Xom
Zin

Shops:
D:11 *(   Orc:2 (**[   Elf:1 :?(*   Depths:1 :

Portals:
Hell: Depths:1
Abyss: Depths:1

Annotations:
D:5 Pikel
Lair:4 Rupert
Lair:6 exclusion: 4 oklob plants
Swamp:3 2 transporters
Elf:2 3 runed translucent doors


Innate Abilities, Weirdness & Mutations

You are immune to sickness and miasma.
Your stone body is resilient. (AC +14)
You are immune to poison.
Your large and strong wings let you fly.
You resist negative energy. (rN+)
You are resistant to electric shocks. (rElec)
You are resistant to unholy torment.
You are immune to petrification.
You tend to lose your temper in combat.


Message History

The deep troll shimmers and seems to become two!
The caustic shrike claws you but does no damage.
You fly upwards.
There is a stone staircase leading down here.
As you read the scroll of summoning, it crumbles to dust.
Wisps of shadow whirl around you... The caustic shrike claws you.
The acid corrodes you!
You are splashed with acid.
You resist. The ettin barely misses you.
The ettin hits you with a +0 dire flail of holy wrath!
The deep troll bites you but does no damage.
You block the deep troll's attack. x2; The caustic shrike claws you.
You are splashed with acid.
You resist.
You swap places.
The caustic shrike claws your deep troll!
Your deep troll is splashed with acid.
The ettin closely misses you.
The ettin hits you with a +0 dire flail of holy wrath.
The deep troll bites your deep troll! The deep troll claws your deep troll.
The deep troll claws your deep troll!!
The caustic shrike claws your deep troll!
Your deep troll dies!
Your deep troll's corpse dissolves into shadows!
Your deep troll bites the caustic shrike but does no damage.
Your deep troll claws the caustic shrike.
Your deep troll claws the caustic shrike but does no damage.
Your deep troll earth mage closely misses the deep troll.
Your deep troll earth mage claws the deep troll but does no damage.
Your deep troll earth mage closely misses the deep troll.
Your fire dragon breathes flames at the ettin.
The blast of flame hits the ettin!!
The blast of flame hits the caustic shrike!!
The caustic shrike resists.
Your deep troll bites the ettin.
Your deep troll claws the ettin!
Your deep troll barely misses the ettin.
Your magical effects are unravelling.
You feel magically purged.
You are no longer corroded.
The ettin hits you with a +0 vorpal great mace!!!
* * * LOW HITPOINT WARNING * * *
x2 The ettin hits you with a +0 dire flail of holy wrath!
You die...

##'#### ### #.#
#####.# #.##
#...... #..#
#.###.# ##.#
#...### ####.####
####....#
#.......###..'....#
#..T....##..##....#
#.@b[......###....#
#.)CT...#### #....#
#DT.T...# #....#
###.##### #.....
#...# ###### ###.#
#(# ###'#####
#.......####


You could see a caustic shrike (ally target), an ettin (ally target), a deep
troll (ally target), a friendly fire dragon (summoned, catching breath), 2
friendly deep trolls and a friendly deep troll earth mage (summoned).

Vanquished Creatures
  the Lernaean hydra (Swamp:4)
  Arachne (Spider:3)
  A tentacled monstrosity (Swamp:4)
  An Ice Fiend (IceCv)
  Jorgrun (Spider:1)
  A lich (Depths:1)
  A thorn hunter (Swamp:2)
  Kirke (Swamp:1)
  A deep elf sorcerer (Elf:1)
  6 ghost moths
  2 fire giants
  3 emperor scorpions
  Aizul (Swamp:2)
  A frost giant (Depths:1)
  An orc warlord (D:12)
  A deep elf demonologist (Elf:1)
  3 stone giants (Depths:1)
  Nessos (Orc:1)
  A minotaur (Gauntlet)
  An entropy weaver (Spider:4)
  5 bunyips
  A spark wasp (Spider:4)
  3 eleionomae
  A shambling mangrove (Swamp:2)
  4 ettins
  2 fire dragons (Depths:1)
  Harold (D:8)
  A great orb of eyes (Depths:1)
  2 boulder beetles (D:11)
  A rakshasa (Depths:1)
  2 ogre magi (Orc:1)
  25 hydras
  3 spriggan air magi
  3 ice dragons
  A ghost crab (Swamp:1)
  4 centaur warriors
  A catoblepas (Lair:6)
  11 two-headed ogres
  7 alligators
  4 tengu warriors
  13 dancing weapons
  6 death yaks
  4 deep troll shamans
  Urug (D:11)
  4 deep troll earth magi
  A thrashing horror (Gauntlet)
  4 spriggans
  6 deep elf knights
  4 iron trolls (Depths:1)
  9 swamp dragons
  A death drake (Swamp:4)
  4 goliath frogs
  Nergalle (D:11)
  4 spriggan druids
  12 deep trolls
  13 deep elf archers
  7 bog bodies
  A lindwurm (Lair:6)
  A lindwurm (shapeshifter) (D:15)
  2 anaconda skeletons (Volcano)
  7 wizards
  11 deep elf zephyrmancers
  A necromancer (D:15)
  13 orb spiders
  3 orc knights
  15 deep elf pyromancers
  32 wolf spiders
  8 ugly things
  5 will-o-the-wisps
  2 manticores
  5 cyclopes
  A moth of wrath (Spider:4)
  8 elephants (Lair:6)
  An ice statue (IceCv)
  4 black mambas
  4 torpor snails
  A rime drake (Lair:3)
  Psyche (D:9)
  7 cane toads
  7 demonic crawlers
  8 komodo dragons
  6 ice devils (IceCv)
  A kobold demonologist (D:11)
  4 anaconda simulacra (IceCv)
  3 freezing wraiths (IceCv)
  4 golden dragon simulacra (IceCv)
  2 tengu conjurers
  32 jumping spiders
  A troll (shapeshifter) (Depths:1)
  8 trolls
  10 tyrant leeches
  11 hornets
  3 polar bears
  A bloated husk (Swamp:3)
  A wolf spider simulacrum (IceCv)
  11 blink frogs
  3 slime creatures (D:12)
  7 dream sheep (Lair:6)
  2 flying skulls (Volcano)
  4 small abominations (Gauntlet)
  2 air elementals
  57 redbacks
  31 tarantellas
  A shadow (D:10)
  5 water elementals
  A wraith (D:12)
  40 yaks
  An alligator skeleton (Volcano)
  5 wyverns
  A dire elephant simulacrum (IceCv)
  3 hogs (Swamp:1)
  3 basilisks
  16 humans
  A fire elemental (Elf:1)
  A steam dragon (D:8)
  5 vampire mosquitoes (D:13)
  3 harpy simulacra (IceCv)
  A warg (Orc:2)
  5 iron troll simulacra (IceCv)
  2 acid dragons
  19 water moccasins
  12 swamp worms
  A hydra simulacrum (IceCv)
  An ettin simulacrum (IceCv)
  An ice beast (D:7)
  15 orc warriors
  2 sky beasts
  6 black bears
  10 swamp drakes
  6 necrophages
  21 ogres
  A boggart (Elf:1)
  6 wolves (Lair:6)
  A lemure (D:4)
  8 centaurs
  2 kobold brigands
  A gnoll sergeant (D:9)
  5 scorpions
  10 bullfrogs
  3 earth elementals
  A wyvern zombie (D:5)
  A wyvern skeleton (D:5)
  9 killer bees
  14 wights
  A vampire bat (D:4)
  3 howler monkeys (D:10)
  10 electric eels
  4 draconian simulacra (IceCv)
  2 hounds
  2 bullfrog skeletons (D:6)
  8 orc priests
  4 centaur zombies
  3 jellies
  3 centaur skeletons
  9 hell rats
  3 iguanas
  19 orc wizards
  4 troll simulacra (IceCv)
  A polar bear simulacrum (IceCv)
  A killer bee zombie (D:6)
  A wolf simulacrum (IceCv)
  A mummy (D:11)
  A howler monkey zombie (D:8)
  5 gnolls (D:9)
  8 adders
  A naga simulacrum (IceCv)
  2 ogre simulacra (IceCv)
  2 shadow imps (Gauntlet)
  10 white imps
  8 ufetubi (IceCv)
  2 worms (D:3)
  2 dart slugs
  3 fire bats (D:4)
  41 orcs
  2 spectral bats (D:4)
  3 bat skeletons (D:4)
  A bat zombie (D:4)
  6 endoplasms
  8 giant cockroaches
  6 goblins
  7 hobgoblins
  17 jackals
  8 kobolds
  8 quokkas
  13 ball pythons
  14 bats
  A bat simulacrum (D:4)
  2 frilled lizards (D:1)
  5 rats
1073 creatures vanquished.

Vanquished Creatures (collateral kills)
  A fire giant (Depths:2)
  A stone giant (Depths:2)
  A skeletal warrior (Volcano)
  5 ugly things (Depths:2)
  2 gargoyles (Volcano)
  2 naga skeletons (Volcano)
12 creatures vanquished.

Vanquished Creatures (others)
  2 deep elf knights (Elf:1)
  A wizard (Elf:1)
  2 deep elf zephyrmancers (Elf:1)
  A deep elf pyromancer (Elf:1)
  A troll (Orc:1)
  2 bloated husks
  A flying skull (Volcano)
  A redback (Spider:1)
  2 humans (Swamp:1)
  A bush (Lair:6)
  5 demonic plants (Gauntlet)
  99 foxfires
  43 fungi
  80 plants
241 creatures vanquished.

Grand Total: 1326 creatures vanquished

Notes
Turn   | Place    | Note
-------+----------+-------------------------------------------
     0 | D:1      | freelancePsychic the Gargoyle Earth Elementalist began the
                  | quest for the Orb.
     0 | D:1      | Reached XP level 1. HP: 10/10 MP: 3/3
    97 | D:1      | Reached skill level 1 in Transmutations
    97 | D:1      | Reached skill level 4 in Earth Magic
   328 | D:1      | Reached XP level 2. HP: 15/15 MP: 3/5
  1221 | D:1      | Reached skill level 1 in Conjurations
  1221 | D:1      | Reached XP level 3. HP: 19/19 MP: 6/6
  1305 | D:1      | Learned a level 3 spell: Stone Arrow
  1767 | D:2      | Reached skill level 1 in Maces & Flails
  2048 | D:3      | Found a faded altar of an unknown god.
  2075 | D:3      | Reached skill level 1 in Fighting
  2075 | D:3      | Reached XP level 4. HP: 17/25 MP: 4/7
  2180 | D:3      | Found a glowing drain.
  2194 | Sewer    | Entered a sewer
  2309 | Sewer    | Noticed a kobold brigand
  2330 | Sewer    | Killed a kobold brigand
  2331 | Sewer    | Reached XP level 5. HP: 18/30 MP: 1/8
  2467 | Sewer    | Found a white marble altar of Elyvilon.
  3190 | D:3      | Found an ancient bone altar of Kikubaaqudgha.
  3264 | D:4      | Noticed a necrophage
  3278 | D:4      | Killed a necrophage
  3279 | D:4      | Reached XP level 6. HP: 27/36 MP: 3/9
  3757 | D:4      | Found a radiant altar of Vehumet.
  3769 | D:4      | Became a worshipper of Vehumet
  4065 | D:4      | Reached skill level 5 in Maces & Flails
  4065 | D:4      | Reached XP level 7. HP: 39/42 MP: 5/10
  4393 | D:5      | Entered Level 5 of the Dungeon
  4757 | D:5      | Reached XP level 8. HP: 45/48 MP: 4/11
  4784 | D:5      | Reached * piety under Vehumet
  4784 | D:5      | Offered knowledge of Magic Dart by Vehumet.
  4964 | D:5      | Found a hide-covered altar of Uskayaw.
  5387 | D:5      | Found a shimmering altar of Xom.
  5773 | D:5      | Noticed Pikel
  6070 | D:6      | Reached skill level 5 in Earth Magic
  6477 | D:6      | Reached XP level 9. HP: 52/52 MP: 8/12
  6772 | D:6      | Reached skill level 6 in Earth Magic
  7024 | D:6      | Offered knowledge of Foxfire by Vehumet.
  7025 | D:6      | Reached skill level 10 in Maces & Flails
  7028 | D:6      | Reached ** piety under Vehumet
  7916 | D:6      | Learned a level 1 spell: Foxfire
  8229 | D:7      | Found a staircase to the Ecumenical Temple.
  8588 | D:7      | Found a burning altar of Makhleb.
  9309 | D:8      | Noticed Harold
  9687 | D:9      | Found a sacrificial altar of Ru.
  9966 | D:8      | Reached XP level 10. HP: 56/56 MP: 7/13
 10333 | D:8      | Killed Harold
 10728 | D:9      | Noticed Psyche
 10972 | D:9      | Reached skill level 5 in Conjurations
 11051 | D:9      | Killed Psyche
 11454 | D:9      | Found a shimmering blue altar of Sif Muna.
 11609 | D:9      | Offered knowledge of Static Discharge by Vehumet.
 11612 | D:9      | Reached skill level 1 in Shields
 11814 | D:10     | Entered Level 10 of the Dungeon
 12013 | D:10     | Reached XP level 11. HP: 68/68 MP: 9/14
 12226 | D:10     | Found a glowing silver altar of Zin.
 12279 | D:10     | Reached *** piety under Vehumet
 12312 | D:10     | Found a broken altar of Ashenzari.
 12426 | D:10     | Found a staircase to the Lair.
 12600 | D:10     | Found an ornate altar of the Wu Jian Council.
 12751 | D:10     | Found an opulent altar of Gozag.
 13270 | Lair:1   | Entered Level 1 of the Lair of Beasts
 13298 | Lair:1   | Identified the +8 flail "Oshan" {drain, rF+ Int+4 Stlth+}
 13345 | Lair:1   | You fall into a shaft and drop 1 floor!
 13355 | Lair:2   | Noticed an eight-headed hydra
 13370 | Lair:2   | Killed an eight-headed hydra
 13383 | Lair:2   | Noticed a bog body
 13438 | Lair:2   | Reached skill level 7 in Earth Magic
 13446 | Lair:2   | Found a dark tunnel.
 13454 | Volcano  | Entered a volcano
 13561 | Volcano  | Noticed a skeletal warrior
 13568 | Volcano  | Killed a skeletal warrior
 14084 | Volcano  | Noticed a skeletal warrior
 14158 | Lair:2   | Reached skill level 8 in Earth Magic
 14315 | Lair:2   | Identified the ring of Bivusa {rElec rPois Will+}
 14557 | Lair:3   | Noticed a seven-headed hydra
 14564 | Lair:3   | Killed a seven-headed hydra
 14564 | Lair:3   | Offered knowledge of Conjure Flame by Vehumet.
 14741 | Lair:3   | Found a runed translucent door.
 14757 | Lair:3   | Reached skill level 1 in Armour
 14782 | Lair:3   | Found a hole to the Spider Nest.
 14952 | Lair:3   | Reached skill level 9 in Earth Magic
 14952 | Lair:3   | Reached XP level 12. HP: 64/77 MP: 10/15
 15192 | Lair:3   | Identified the +7 spear of Wu Jian's Fury {drain, Str+2
                  | Int+2}
 15343 | Lair:3   | Found a hazy altar of Hepliaklqana.
 15541 | Lair:3   | Noticed a seven-headed hydra
 15577 | Lair:3   | Killed a seven-headed hydra
 15829 | Lair:3   | Learned a level 6 spell: Iron Shot
 16185 | Lair:4   | Identified the ring of Ylixtani {rCorr Str+4 Int+4 Dex-5
                  | SInv}
 16233 | Lair:4   | Noticed Rupert
 16770 | Lair:4   | Reached skill level 10 in Earth Magic
 16779 | Lair:5   | Noticed a seven-headed hydra
 16788 | Lair:5   | Killed a seven-headed hydra
 16799 | Lair:5   | Reached **** piety under Vehumet
 17007 | Lair:5   | Reached skill level 5 in Armour
 17088 | Lair:5   | You fall into a shaft and drop 1 floor!
 17088 | Lair:6   | Entered Level 6 of the Lair of Beasts
 17088 | Lair:6   | Noticed a death yak
 17088 | Lair:6   | Noticed a death yak
 17300 | Lair:6   | Found a blossoming altar of Fedhas.
 17437 | Lair:6   | Reached skill level 10 in Conjurations
 17628 | Lair:6   | Offered knowledge of Mephitic Cloud by Vehumet.
 17710 | Lair:6   | Noticed a five-headed hydra
 18014 | Lair:6   | Noticed a six-headed hydra
 18018 | Lair:6   | Killed a six-headed hydra
 18071 | Lair:6   | Reached skill level 11 in Earth Magic
 18120 | Lair:6   | Killed a death yak
 18582 | Lair:5   | Learned a level 7 spell: Orb of Destruction
 18643 | Lair:6   | Reached XP level 13. HP: 78/81 MP: 18/18
 19123 | Lair:6   | Found a staircase to the Slime Pits.
 19161 | Lair:6   | Reached skill level 12 in Earth Magic
 19271 | Lair:6   | Identified the +10 demon whip of Impeachment {vamp, Will+
                  | Str+7}
 19908 | Lair:6   | Reached ***** piety under Vehumet
 19946 | Lair:6   | Offered knowledge of Lightning Bolt by Vehumet.
 20786 | Lair:6   | Reached skill level 10 in Fighting
 21546 | Lair:1   | You fall into a shaft and drop 1 floor!
 21621 | Lair:2   | Gained mutation: Your large and strong wings let you fly.
                  | [Gargoyle growth]
 21621 | Lair:2   | Reached XP level 14. HP: 72/88 MP: 20/20
 21691 | Lair:2   | Found a staircase to the Swamp.
 21820 | Lair:2   | You are sucked into a shaft and drop 1 floor!
 22626 | Lair:1   | Reached skill level 10 in Armour
 23310 | D:11     | Found Lywn's Weapon Boutique.
 23329 | D:11     | Found Eqos's Serpentskin Sales.
 23351 | D:11     | Gained mutation: You tend to lose your temper in combat. [a
                  | neqoxec]
 24074 | D:11     | Noticed Urug
 24087 | D:11     | Killed Urug
 24578 | D:11     | Noticed Nergalle
 24722 | D:11     | Killed Nergalle
 25626 | D:12     | Found a staircase to the Orcish Mines.
 25972 | Orc:1    | Entered Level 1 of the Orcish Mines
 26013 | Orc:1    | Noticed an orc warlord
 26073 | D:12     | Killed an orc warlord
 26581 | Orc:2    | Entered Level 2 of the Orcish Mines
 26675 | Orc:2    | Noticed Nessos
 27282 | Orc:2    | Reached skill level 15 in Conjurations
 27334 | Orc:1    | Killed Nessos
 27335 | Orc:1    | Reached XP level 15. HP: 24/95 MP: 9/21
 28142 | Orc:2    | Found Funwetuta's Antique Weapon Shoppe.
 28157 | Orc:2    | Found Ufuoj's Assorted Antiques.
 28177 | Orc:2    | Found Muluor's Assorted Antiques.
 28228 | Orc:2    | Found Vegudyem's Armour Shoppe.
 28231 | Orc:2    | Bought a scroll labelled OSISAL TURPH for 24 gold pieces
 28317 | Orc:2    | Bought a pair of glowing boots for 150 gold pieces
 28317 | Orc:2    | Bought a pair of runed gloves for 150 gold pieces
 28433 | Orc:2    | Found a staircase to the Elven Halls.
 29157 | D:13     | You are sucked into a shaft and drop 2 floors!
 29157 | D:15     | Entered Level 15 of the Dungeon
 29165 | D:15     | Found a gate leading to a gauntlet.
 29175 | Gauntlet | Entered a Gauntlet
 29175 | Gauntlet | Found a transporter.
 29175 | Gauntlet | Found a transporter.
 29175 | Gauntlet | Found a transporter.
 29175 | Gauntlet | Found a transporter.
 29190 | Gauntlet | Found a transporter.
 29196 | Gauntlet | Found a transporter.
 29200 | Gauntlet | Found a transporter.
 29201 | Gauntlet | Found a transporter.
 29209 | Gauntlet | Found a transporter.
 29247 | Gauntlet | Found a transporter.
 29330 | Gauntlet | Found a transporter.
 29345 | Gauntlet | Found a transporter.
 29469 | Gauntlet | Identified the +0 hat of Sophism {+Blink rF++ rCorr Dex-3}
 29511 | Gauntlet | Identified the amulet "Jytemm" {Spirit rC+ rN+ Will+}
 29686 | D:15     | Reached ****** piety under Vehumet
 29743 | D:15     | Found a staircase to the Depths.
 30001 | D:15     | Offered knowledge of Sticky Flame by Vehumet.
 30707 | D:14     | Found a gate to the Vaults.
 31824 | D:13     | Reached skill level 13 in Earth Magic
 31833 | D:13     | Reached XP level 16. HP: 106/106 MP: 4/22
 32232 | Elf:1    | Entered Level 1 of the Elven Halls
 33184 | Elf:1    | Reached skill level 15 in Fighting
 33423 | Elf:1    | Found Gioxess's Book Shoppe.
 33510 | Elf:1    | Found Inile's Weapon Shoppe.
 33512 | Elf:1    | Found Yrphod's Magic Scroll Boutique.
 33538 | Elf:1    | Bought a scroll of brand weapon for 300 gold pieces
 33692 | Elf:1    | Found Gischezech's General Store.
 33741 | Elf:1    | Bought a scroll of teleportation for 36 gold pieces
 33741 | Elf:1    | Bought a scroll of enchant armour for 90 gold pieces
 34258 | Elf:2    | Reached skill level 5 in Shields
 34258 | Elf:2    | Reached skill level 14 in Earth Magic
 34682 | Elf:2    | Found a runed translucent gate.
 34686 | Elf:2    | Found a runed translucent gate.
 34686 | Elf:2    | Found a runed translucent gate.
 35704 | Spider:1 | Entered Level 1 of the Spider Nest
 35726 | Spider:1 | Noticed Jorgrun
 36010 | Spider:1 | Killed Jorgrun
 36334 | Spider:1 | Offered knowledge of Yara's Violent Unravelling by Vehumet.
 36594 | Lair:3   | Reached XP level 17. HP: 112/113 MP: 23/23
 36617 | Lair:3   | Identified a scroll of acquirement
 36618 | Lair:3   | Acquired a ring of protection from fire
 36821 | Spider:1 | Reached skill level 10 in Shields
 38071 | Spider:2 | Offered knowledge of Fireball by Vehumet.
 38089 | Spider:2 | Learned a level 5 spell: Fireball
 39187 | Spider:3 | Found a frozen archway.
 39193 | IceCv    | Entered an ice cave
 40680 | IceCv    | Noticed an Ice Fiend
 40837 | IceCv    | Killed an Ice Fiend
 41123 | IceCv    | Found the +2 hat of the Bear Spirit {Spirit, +Rage rN+
                  | Will++}
 41124 | IceCv    | Identified the +2 pair of boots "Ebodoz" {*Slow Dex+5}
 41130 | IceCv    | Identified the +0 hat "Tyeju" {Harm Regen+ Str+6}
 41460 | Spider:3 | Noticed Arachne
 41483 | Spider:3 | Killed Arachne
 41595 | Spider:3 | Offered knowledge of Starburst by Vehumet.
 41805 | Spider:4 | Entered Level 4 of the Spider Nest
 42602 | Spider:4 | Reached XP level 18. HP: 89/119 MP: 10/24
 42730 | Spider:4 | Reached skill level 15 in Shields
 42730 | Spider:4 | Reached skill level 15 in Earth Magic
 43543 | Spider:4 | Reached skill level 1 in Evocations
 43750 | Spider:4 | Offered knowledge of Freezing Cloud by Vehumet.
 44023 | Spider:4 | Got a gossamer rune of Zot
 44349 | Swamp:1  | Entered Level 1 of the Swamp
 44350 | Swamp:1  | Noticed Kirke
 44372 | Swamp:1  | Killed Kirke
 45215 | Swamp:2  | Identified the +8 flail of the Whelk {venom, +Blink Will+
                  | rCorr Str+4}
 45227 | Swamp:2  | Noticed Aizul
 45232 | Swamp:2  | Killed Aizul
 45591 | Swamp:2  | Identified the +1 hunting sling "Zetucean" {venom, Int+2
                  | SInv}
 45687 | Swamp:2  | Reached skill level 5 in Spellcasting
 46475 | Swamp:3  | Found a transporter.
 46563 | Swamp:3  | Found a transporter.
 46865 | Swamp:4  | Entered Level 4 of the Swamp
 46945 | Swamp:4  | Reached XP level 19. HP: 128/128 MP: 28/28
 46960 | Swamp:4  | Offered knowledge of Conjure Ball Lightning by Vehumet.
 47052 | Swamp:4  | Noticed a tentacled monstrosity
 47095 | Swamp:4  | Killed a tentacled monstrosity
 47096 | Swamp:4  | Reached skill level 16 in Earth Magic
 47430 | Swamp:4  | Noticed the 27-headed Lernaean hydra
 47439 | Swamp:4  | Killed the 27-headed Lernaean hydra
 47548 | Swamp:4  | Got a decaying rune of Zot
 47671 | Swamp:4  | Learned a level 9 spell: Shatter
 47927 | Depths:1 | Entered Level 1 of the Depths
 47927 | Depths:1 | Found a gateway to Hell.
 48053 | Depths:1 | Found a shadowy altar of Dithmenos.
 48438 | Depths:1 | Found Awur's Book Emporium.
 48445 | Depths:1 | Identified the +0 chain mail of Unyudide {Rampage rC+
                  | Stlth+}
 48739 | Depths:1 | Found a one-way gate to the infinite horrors of the Abyss.
 48819 | Depths:1 | Found the +3 giant club "Skullcrusher" {speed, Str+7}
 48897 | Depths:1 | Reached skill level 17 in Earth Magic
 49062 | Depths:1 | You are sucked into a shaft and drop 1 floor!
 49562 | Depths:1 | Reached skill level 5 in Dodging
 49811 | Depths:1 | Reached skill level 18 in Earth Magic
 50220 | Depths:2 | Noticed a caustic shrike
 50441 | Depths:1 | Slain by an ettin

Illustrated notes

Levels and vault maps discovered:
D:1:      eino_arrival_druids_welcome, layout_loops_ring, nrook_uturn
D:2:      layout_rooms
D:3:      layout_loops_ring, general_overflow_altar, gup_sewer_entry_pipe,
          ebering_ecumenical_altar_ruins, serial_bayou_pond_b
D:4:      layout_loops_ring, vehumet_altar_wand_db, goddamned_bats
D:5:      layout_basic, kennysheep_little_box, overflow_temple_1_default,
          nrook_loot_triangle, minmay_quadrilaterals, uniq_pikel
D:6:      layout_basic, grunt_ministairs_13, kennysheep_generic_room_14
D:7:      layout_cave_pods, bloody_makhleb, minmay_temple_entry_mist
D:8:      layout_rooms, uniq_harold
D:9:      layout_long_grid, old_standard_altar, lemuel_tele_altar, uniq_psyche
D:10:     layout_layer_cave, kennysheep_mini_moat,
          pdpol_wu_jian_five_deadly_venoms, marbit_many_paths,
          nicolae_ashenzari_skybound, david_lair_shrubbed
D:11:     layout_basic, serial_undead, serial_undead_a, serial_undead_b,
          serial_undead_a, serial_undead_d, serial_shops, shop,
          guppyfry_shop_venom, uniq_nergalle, uniq_urug
D:12:     layout_rooms, orc_0_dummy
D:13:     layout_basic, chequers_avenue
D:14:     layout_cave_pools, david_vaults_3, minmay_misc_feat_ornament,
          abandoned_shop, st_stairs_12
D:15:     hangedman_depths_entry_civil_slaughter, layout_stronghold,
          gauntlet_entry_generic, serial_bayou_lagoon_a
Lair:1:   layout_regular_city, grunt_megastairs_5
Lair:2:   layout_regular_city, skrybe_swamp_entry_bodies,
          nicolae_volcano_entry_two_sided, st_stairs_7, serial_bayou_shore_a
Lair:3:   layout_big_grid, spider_nest_entry_a, basic_altar, pf_torpor_hydra
Lair:4:   layout_cave_pods, uniq_rupert
Lair:5:   layout_cave_shapes, lemuel_fruit_tree, serial_bayou_shore_b
Lair:6:   grunt_lair_end_beastmaster, layout_layer_cave,
          dpeg_slime_entry_corner, minivault_26, tgw_fedhas,
          minmay_lair_oklob_chamber
Swamp:1:  layout_basic_swamp, nicolae_swamp_rocky_clearing, uniq_kirke
Swamp:2:  layout_falls_marsh, evilmike_swamp_ruin_house_6, uniq_aizul
Swamp:3:  gammafunk_worm_tunnel, layout_basic_swamp,
          nicolae_swamp_round_clearing, swamp_pool2
Swamp:4:  swamp_old_school, layout_basic_swamp
Spider:1: layout_spider_delve, uniq_jorgrun
Spider:2: layout_chambers
Spider:3: layout_spider_delve, portal_ice_cave_entry_pillars_four, uniq_arachne
Spider:4: grunt_spider_rune_parallel
Orc:1:    layout_diamond_mine
Orc:2:    st_orc_open, layout_caves, uniq_nessos
Elf:1:    minmay_elf_arrival_circle, layout_geoelf_diagonals, serial_shops,
          shop, nicolae_shop_stone, shop, shop, hangedman_elf_disciples,
          grunt_ministairs_6
Elf:2:    layout_gridlike, grunt_ministairs_15, roderic_nine_men_s_morris
Depths:1: layout_roguey, hell_entry, nicolae_dithmenos_shadow_blocks,
          abyss_entry_crystal, wad_scary_box, minmay_shop_star
Depths:2: minmay_the_grid_triangle_9x9_recursive_2_mashed
          [minmay_the_grid_triangle_9x9_prize_schism,
          minmay_the_grid_triangle_9x9_semitri,
          minmay_the_grid_triangle_9x9_stretched_checkered,
          minmay_the_grid_triangle_9x9_subtriangle], layout_cave_pools,
          enter_ziggurat_b, hell_entry

Skill      XL: |  1  2  3  4  5  6  7  8  9 10 11 12 13 14 15 16 17 18 19 |
---------------+----------------------------------------------------------+-----
Transmutations | 1 |  1.0
Earth Magic    | 4 5 6 9 11 12 13 14 15 18 | 18.1
Conjurations   | 1 2 3 6 8 10 13 15 | 15.0
Maces & Flails | 1 3 4 5 6 9 11 12 | 12.0
Fighting       | 1 2 3 4 7 9 10 11 14 15 17 | 17.0
Shields        | 4 9 14 15 | 15.0
Armour         | 2 5 8 11 | 11.0
Spellcasting   | 3 4 6 8 |  8.4
Dodging        | 4 5 |  5.5
Evocations     | 4 |  4.0
Stealth        | |  2.1

Action                   |  1- 3 |  4- 6 |  7- 9 | 10-12 | 13-15 | 16-18 | 19-21 || total
-------------------------+-------+-------+-------+-------+-------+-------+-------++-------
Melee: Unarmed           |    33 |       |       |       |       |       |       ||    33
       Mace              |    11 |       |       |       |       |       |       ||    11
       Demon whip        |    41 |   117 |   196 |   366 |   928 |  1585 |   405 ||  3638
       Flail             |       |       |       |    27 |       |       |       ||    27
 Cast: Sandblast         |    29 |    37 |    20 |       |       |       |       ||    86
       Stone Arrow       |       |       |    81 |   148 |   117 |    22 |       ||   368
       Foxfire           |       |       |    22 |    23 |       |       |       ||    45
       Iron Shot         |       |       |       |     5 |    43 |   149 |    60 ||   257
       Orb of Destructio |       |       |       |       |    47 |    26 |     1 ||    74
       Fireball          |       |       |       |       |       |    12 |       ||    12
 Abil: Evoke Blink       |       |       |       |       |       |     3 |       ||     3
Evoke: Wand              |       |       |       |       |       |       |     1 ||     1
  Use: Scroll            |     2 |     2 |     9 |    17 |    12 |     8 |     6 ||    56
       Potion            |       |       |     5 |     6 |     1 |     7 |     5 ||    24
 Stab: Sleeping          |     4 |     6 |     2 |       |       |     2 |       ||    14
       Invisible         |       |       |     6 |     2 |       |       |       ||     8
       Distracted        |       |       |     1 |       |       |       |       ||     1
Armor: Robe              |    26 |    34 |    80 |    38 |       |       |       ||   178
       Skin              |       |       |    16 |     5 |       |       |       ||    21
       Ring mail         |       |       |       |   124 |   556 |  1047 |   224 ||  1951
Dodge: Dodged            |    68 |    62 |   117 |   152 |   409 |   643 |   170 ||  1621
Block: Buckler           |       |       |       |    44 |   145 |   201 |       ||   390
       Kite shield       |       |       |       |       |       |   328 |   206 ||   534

Table legend: (Time is in decaauts)
 A = Elapsed time spent in this place.
 B = Non-inter-level travel time spent in this place.
 C = Inter-level travel time spent in this place.
 D = Time resting spent in this place.
 E = Time spent auto-exploring this place.
 F = Levels seen in this place.
 G = Mean time per level.
                   A        B        C        D        E       F      G
               +--------+--------+--------+--------+--------+-----+--------+
         Total |  49035 |  46712 |   2323 |  11912 |  25581 |  39 | 1257.3 |
       Dungeon |  19539 |  18644 |    895 |   3558 |  12081 |  15 | 1302.6 |
          Lair |   9985 |   9290 |    695 |   2593 |   4542 |   6 | 1664.2 |
         Swamp |   2996 |   2822 |    174 |    276 |   1831 |   4 |  749.0 |
   Spider Nest |   5558 |   5368 |    190 |   1614 |   2617 |   4 | 1389.5 |
  Orcish Mines |   2303 |   2147 |    156 |   1182 |    559 |   2 | 1151.5 |
   Elven Halls |   2856 |   2811 |     45 |    456 |   1863 |   2 | 1428.0 |
        Depths |   2412 |   2247 |    165 |    800 |   1007 |   2 | 1206.0 |
         Sewer |    343 |    343 |      0 |    104 |    164 |   1 |  343.0 |
      Ice Cave |   1913 |   1913 |      0 |    898 |    761 |   1 | 1913.0 |
       Volcano |    659 |    659 |      0 |    428 |     56 |   1 |  659.0 |
      Gauntlet |    466 |    466 |      0 |      0 |     99 |   1 |  466.0 |
               +--------+--------+--------+--------+--------+-----+--------+

Top non-repeatable levels by time:
  Lair:6: 3270 daAuts
Depths:1: 2242 daAuts
  Lair:3: 2165 daAuts
     D:6: 2060 daAuts
   IceCv: 1913 daAuts
    D:10: 1878 daAuts
Spider:3: 1849 daAuts
Spider:2: 1786 daAuts
    D:11: 1769 daAuts
   Elf:1: 1656 daAuts
  Lair:2: 1618 daAuts
    D:12: 1558 daAuts
     D:9: 1449 daAuts
    D:15: 1441 daAuts
     D:4: 1433 daAuts
